Map: Neon Violet Square LE

Players

Namshar

  • Race: Zerg Zerg
  • Spawn Location: 5:00

Kelazhur - Winner!

  • Race: Terran Terran
  • Spawn Location: 11:00

Event: IEM Season 12 - Katowice

VOD

Have the link to the VOD?

Description

Time

  • Played on: Feb. 27, 2018, 5:41 a.m.
  • Length: 18:22

All games in this series

Show
View Real Time Build Order
Export as new Build Order

Namshar Zerg 

Build Orders: Hatch First 

Get SALT Encoding   

  12  0:00  Drone  
  13  0:13  Overlord  
  13  0:18  Drone  
  14  0:31  Drone x2  
  14  0:35  Drone  
  17  0:52  Hatchery  
  17  0:55  Drone  
  17  0:58  Drone  
  18  1:09  Extractor  
  17  1:14  Spawning Pool  
  17  1:17  Drone  
  17  1:20  Drone  
  18  1:28  Drone  
  19  1:39  Drone  
  20  1:50  Overlord  
  20  2:01  Queen  
  22  2:04  Queen, Zergling x4  
  26  2:12  Metabolic Boost  
  26  2:14  Drone  
  26  2:15  Drone  
  28  2:22  Drone  
  29  2:25  Drone  
  30  2:35  Overlord  
  30  2:36  Queen  
  32  2:39  Drone  
  32  2:43  Queen  
  35  2:48  Drone  
  36  2:55  Drone x2  
  38  3:01  Drone  
  38  3:05  Drone  
  40  3:08  Hatchery  
  39  3:16  Drone  
  39  3:17  Drone x3  
  43  3:22  Overlord  
  43  3:30  Overlord  
  43  3:31  Roach Warren  
  41  3:36  Overlord  
  41  3:44  Queen  
  43  3:52  Drone  
  43  3:54  Drone  
  45  3:56  Drone  
  45  3:57  Drone  
  45  4:00  Zergling x2  
  45  4:01  Zergling x2  
  49  4:08  Extractor  
  48  4:11  Roach x4  
  56  4:18  Roach  
  58  4:26  Roach  
  58  4:30  Drone  
  58  4:31  Drone x2  
  63  4:32  Drone  
  63  4:33  Drone x2  
  63  4:37  Overlord x2  
  65  4:54  Queen  
  65  4:55  Lair, Overlord  
  65  4:56  Drone x3  
  65  4:57  Drone x6  
  76  5:03  Drone x3, Evolution Chamber x2  
  77  5:09  Drone  
  77  5:10  Drone x3  
  81  5:20  Overlord x2  
  81  5:24  Extractor, Baneling Nest  
  81  5:25  Extractor  
  81  5:26  Drone, Extractor  
  81  5:27  Drone x3  
  81  5:40  Overlord  
  81  5:41  Drone x4  
  85  5:45  Spore Crawler  
  85  5:46  Spore Crawler  
  85  5:47  Spore Crawler  
  81  5:51  Roach x2  
  81  5:52  Drone x3  
  88  5:59  Zerg Missile Weapons Level 1, Zerg Ground Armor Level 1  
  88  6:02  Overseer  
  81  6:12  Drone x2  
  81  6:13  Hydralisk Den  
  81  6:15  Roach  
  83  6:18  Drone  
  83  6:19  Drone x9  
  83  6:25  Extractor  
  87  6:28  Spore Crawler, Drone  
  87  6:29  Drone x4  
  87  6:30  Spore Crawler  
  87  6:31  Roach  
  89  6:41  Roach  
  89  6:42  Roach x5  
  97  6:49  Roach x4  
  97  6:52  Roach x2  
  96  7:00  Roach x3  
  99  7:05  Roach  
  95  7:10  Queen  
  95  7:14  Extractor  
  90  7:16  Drone x6  
  90  7:18  Glial Reconstitution  
  90  7:22  Drone x3  
  96  7:30  Drone x3  
  96  7:31  Spore Crawler  
  98  7:38  Infestation Pit, Queen  
  95  7:44  Queen  
  95  7:48  Queen, Hatchery  
  96  7:52  Overlord  
  96  8:02  Drone  
  97  8:06  Drone x8  
  97  8:09  Extractor  
  97  8:11  Zerg Missile Weapons Level 2  
  104  8:13  Spore Crawler, Extractor  
  104  8:16  Zerg Ground Armor Level 2  
  104  8:18  Overlord  
  104  8:19  Queen  
  99  8:34  Queen  
  99  8:35  Hydralisk x4  
  99  8:38  Hydralisk  
  107  8:42  Hydralisk x2  
  107  8:47  Hydralisk  
  110  8:51  Hydralisk x2  
  114  8:59  Drone  
  114  9:01  Hydralisk Den  
  114  9:08  Queen  
  112  9:19  Overseer  
  104  9:30  Grooved Spines  
  95  9:35  Drone x2  
  95  9:41  Hive  
  95  9:43  Drone  
  95  9:44  Hydralisk x7  
  95  9:45  Hydralisk  
  112  9:47  Overlord x2  
  112  9:48  Queen  
  112  9:51  Drone, Overlord  
  112  9:52  Overlord  
  115  9:55  Queen  
  117  10:03  Overlord  
  117  10:11  Overlord  
  117  10:13  Hydralisk x2  
  117  10:14  Hydralisk x2  
  121  10:15  Roach x4  
  133  10:21  Hydralisk  
  133  10:22  Roach x3  
  133  10:24  Queen  
  143  10:28  Overlord  
  143  10:30  Ravager x2  
  143  10:31  Ravager  
  143  10:32  Hydralisk  
  143  10:33  Roach x3  
  154  10:42  Overlord, Muscular Augments  
  154  10:48  Ravager  
  155  10:53  Zerg Ground Armor Level 3  
  155  10:54  Zerg Missile Weapons Level 3  
  155  10:55  Hatchery  
  154  11:01  Hydralisk x2  
  154  11:02  Roach x2  
  162  11:16  Viper x2  
  168  11:18  Extractor  
  168  11:22  Drone, Spore Crawler  
  168  11:25  Overlord, Hydralisk  
  167  11:26  Roach  
  167  11:27  Roach x4  
  177  11:37  Hydralisk  
  177  11:38  Roach x5  
  179  11:43  Drone x4  
  179  11:44  Drone x4  
  173  11:53  Drone  
  171  11:54  Drone x4  
  166  12:04  Drone  
  163  12:12  Hydralisk x2  
  163  12:13  Roach x4  
  171  12:16  Ravager x3  
  171  12:22  Hydralisk  
  170  12:23  Roach x2  
  174  12:30  Roach x3  
  166  12:44  Hydralisk  
  166  12:45  Roach x3  
  146  13:01  Viper  
  146  13:02  Viper x2  
  136  13:06  Drone x2  
  136  13:07  Drone x4  
  136  13:09  Drone x2  
  136  13:11  Drone x4  
  148  13:13  Ravager x2  
  148  13:18  Drone x2  
  124  13:34  Ravager  
  124  13:38  Overlord  
  124  13:40  Queen  
  124  13:41  Queen, Extractor  
  126  13:43  Drone x3  
  126  13:46  Drone  
  126  13:47  Hydralisk x2  
  126  13:48  Spire  
  131  14:10  Hydralisk x11  
  131  14:13  Queen  
  155  14:20  Extractor  
  155  14:22  Drone x3  
  155  14:23  Drone  
  158  14:33  Hydralisk x3  
  158  14:35  Ravager  
  158  14:37  Hydralisk x2, Hatchery  
  168  14:44  Queen  
  170  14:54  Queen  
  170  14:55  Drone  
  170  14:58  Zerg Melee Weapons Level 1  
  173  15:00  Hydralisk x2, Greater Spire  
  173  15:01  Hydralisk x2  
  173  15:03  Overlord  
  181  15:13  Drone  
  182  15:19  Viper  
  182  15:20  Viper  
  188  15:21  Hatchery  
  187  15:38  Hydralisk x2  
  187  15:39  Roach, Hydralisk  
  187  15:40  Roach x2  
  190  15:50  Hydralisk  
  190  15:51  Roach, Hydralisk  
  190  15:52  Roach x2  
  194  16:22  Corruptor x3  
  200  16:27  Pneumatized Carapace  
  196  16:40  Corruptor  
  196  16:41  Corruptor  
  197  16:54  Brood Lord x2  
  171  17:03  Corruptor x4  
  171  17:04  Brood Lord  
  178  17:12  Brood Lord x2  
  178  17:15  Corruptor x3  
  178  17:16  Corruptor  
  150  17:41  Hydralisk x4  
  138  17:44  Corruptor  
  138  17:45  Corruptor x6  
  138  17:49  Brood Lord x2  
  148  17:56  Brood Lord  
Show
View Real Time Build Order
Export as new Build Order

Kelazhur Terran - Winner!

Build Orders: Hellion Banshee 

Get SALT Encoding   

  12  0:00  SCV  
  13  0:12  SCV  
  14  0:18  Supply Depot  
  14  0:24  SCV  
  15  0:40  SCV  
  15  0:41  Barracks  
  16  0:45  Refinery  
  16  0:52  SCV  
  17  1:04  SCV  
  18  1:16  SCV  
  19  1:28  Orbital Command, Marine  
  20  1:40  Command Center  
  20  1:46  Marine  
  21  1:52  Supply Depot  
  21  1:55  SCV  
  22  2:05  Factory  
  22  2:09  Barracks Reactor  
  22  2:14  Refinery  
  22  2:18  SCV  
  23  2:30  SCV  
  24  2:42  SCV  
  25  2:49  Starport  
  25  2:52  Orbital Command  
  25  2:54  Hellion x2, SCV  
  30  3:06  SCV  
  31  3:15  Barracks Tech Lab  
  31  3:18  SCV  
  32  3:22  Starport  
  32  3:23  SCV  
  33  3:28  Hellion x2  
  33  3:31  SCV  
  38  3:38  Supply Depot  
  38  3:40  SCV  
  38  3:41  Banshee  
  39  3:44  SCV  
  43  3:53  SCV  
  44  3:56  SCV  
  44  3:58  Starport Tech Lab  
  44  4:00  Hellion x2  
  49  4:04  Supply Depot  
  49  4:08  SCV x2  
  51  4:17  Banshee  
  51  4:19  Refinery  
  54  4:25  Banshee  
  54  4:26  SCV  
  54  4:27  Supply Depot  
  58  4:32  Supply Depot, SCV  
  59  4:43  SCV  
  59  4:44  SCV  
  61  4:54  Cyclone x2  
  61  4:56  SCV x2  
  61  4:57  Command Center  
  69  5:03  Supply Depot  
  69  5:07  Banshee  
  69  5:08  SCV x2  
  74  5:14  Banshee  
  74  5:20  SCV  
  78  5:24  Armory  
  78  5:25  SCV  
  79  5:31  Supply Depot, Hellion x2  
  79  5:32  SCV  
  84  5:37  SCV, Refinery  
  83  5:44  SCV  
  83  5:46  Supply Depot  
  83  5:49  SCV  
  85  5:56  Hyperflight Rotors  
  85  5:57  SCV  
  89  6:01  SCV  
  90  6:09  SCV  
  91  6:13  SCV  
  91  6:15  Orbital Command  
  91  6:16  Supply Depot  
  92  6:21  SCV  
  92  6:23  Hellion  
  92  6:24  Hellion, Banshee  
  100  6:30  Factory  
  97  6:33  Banshee  
  97  6:34  SCV  
  97  6:35  Factory  
  97  6:40  SCV  
  86  6:50  SCV  
  82  6:55  Orbital Command  
  82  6:59  Hellion  
  82  7:00  Hellion, Barracks Tech Lab  
  86  7:01  Refinery  
  86  7:04  Refinery  
  86  7:07  Banshee  
  81  7:16  Banshee  
  81  7:17  SCV  
  81  7:22  Factory Tech Lab  
  80  7:27  Cyclone x2  
  86  7:31  SCV  
  87  7:41  Command Center  
  87  7:45  SCV x2  
  87  7:46  Terran Vehicle Weapons Level 1  
  87  7:47  Supply Depot, Command Center  
  87  7:49  Banshee  
  92  7:52  Cloaking Field  
  92  7:56  SCV  
  92  7:57  SCV  
  100  8:00  Hellion  
  100  8:01  SCV, Engineering Bay  
  103  8:08  SCV  
  103  8:09  SCV  
  103  8:10  Banshee  
  108  8:14  Thor x2  
  108  8:15  Hellion  
  108  8:17  SCV  
  117  8:20  SCV  
  117  8:21  SCV  
  117  8:24  Supply Depot  
  119  8:29  SCV  
  120  8:35  Hellion  
  120  8:37  Banshee  
  120  8:39  Hellion, Factory  
  120  8:41  SCV, Factory  
  125  8:51  Supply Depot  
  125  8:52  Armory  
  125  8:57  Hellion, Siege Tank x2  
  125  9:00  Hellion  
  130  9:11  SCV  
  130  9:14  SCV  
  128  9:18  Hellion  
  126  9:27  SCV  
  126  9:28  Medivac  
  126  9:29  Siege Tank, Factory Reactor  
  126  9:30  SCV, Factory Tech Lab  
  128  9:32  SCV  
  128  9:37  Orbital Command  
  126  9:39  Banshee  
  126  9:41  Hellion x2, Refinery  
  126  9:44  Planetary Fortress  
  133  9:48  SCV x2  
  133  9:51  Siege Tank  
  133  9:52  Terran Vehicle And Ship Armor Level 1  
  135  9:58  SCV  
  135  9:59  Refinery  
  136  10:00  SCV x2  
  136  10:01  Hellion, Siege Tank, Refinery  
  136  10:02  Refinery  
  136  10:05  Hellion  
  136  10:06  Hellion  
  147  10:09  Terran Vehicle Weapons Level 2  
  147  10:10  SCV  
  147  10:11  SCV  
  149  10:17  Medivac  
  151  10:22  Siege Tank  
  151  10:26  Siege Tank  
  151  10:27  Hellion x2  
  151  10:28  Hellion x2  
  165  10:33  Siege Tank  
  168  10:36  Supply Depot  
  168  10:37  Supply Depot x2  
  168  10:39  Missile Turret  
  168  10:40  Missile Turret  
  168  10:49  Hellion x4  
  176  10:58  Hellion x2  
  176  11:02  Infernal Pre-Igniter, Siege Tank x2  
  182  11:06  Viking  
  182  11:07  Viking  
  182  11:10  Hellion x2  
  190  11:15  Siege Tank  
  190  11:17  Hellion x2  
  197  11:27  Ghost Academy  
  197  11:34  Siege Tank x2  
  197  11:38  Smart Servos  
  194  11:40  Command Center x2  
  194  11:42  Viking  
  192  11:48  Siege Tank  
  173  12:02  Hellion x3  
  173  12:03  Hellion  
  173  12:05  Viking  
  173  12:06  Siege Tank x2  
  185  12:12  Viking  
  183  12:20  Siege Tank  
  186  12:23  Hellion x2  
  186  12:28  Terran Vehicle Weapons Level 3  
  177  12:31  Terran Vehicle And Ship Armor Level 2  
  177  12:33  Hellion x2  
  177  12:35  Viking  
  183  12:38  Siege Tank x2  
  183  12:39  Factory  
  183  12:42  Viking  
  178  12:52  Siege Tank  
  153  13:01  Hellion x2  
  153  13:02  Hellion  
  153  13:05  Viking  
  138  13:06  Hellion  
  138  13:10  Siege Tank, Orbital Command  
  138  13:11  Viking, Siege Tank  
  148  13:24  Siege Tank  
  148  13:25  Hellion  
  132  13:29  Hellion x2  
  124  13:35  Viking  
  124  13:37  Factory Tech Lab  
  124  13:40  Factory  
  126  13:41  Viking, Factory  
  126  13:42  Siege Tank  
  126  13:43  Siege Tank  
  126  13:44  Planetary Fortress  
  134  13:50  Sensor Tower  
  134  13:52  Hellion x3  
  140  13:56  Hellion x3, Siege Tank  
  140  13:58  Siege Tank  
  142  14:05  Viking  
  142  14:11  Hellion, Medivac  
  142  14:15  Siege Tank x2  
  142  14:16  Hellion x3  
  156  14:22  Refinery  
  156  14:23  Refinery  
  156  14:29  Siege Tank  
  156  14:30  Thor  
  165  14:32  Command Center  
  165  14:33  Hellion  
  165  14:34  Missile Turret  
  165  14:37  Hellion  
  165  14:38  Hellion  
  171  14:39  Factory Tech Lab, Factory Reactor  
  171  14:40  Viking  
  173  14:46  Thor  
  173  14:47  Terran Ship Weapons Level 1, Thor, Starport  
  185  14:54  Hellion  
  185  14:55  Hellion  
  185  14:57  Medivac  
  185  14:59  Hellion x2  
  195  15:01  Siege Tank  
  194  15:10  Viking  
  194  15:13  Siege Tank  
  199  15:30  Terran Vehicle And Ship Armor Level 3  
  199  15:38  Command Center  
  199  15:39  Viking  
  199  15:40  Viking  
  199  15:42  Siege Tank  
  181  15:52  Thor  
  181  15:53  Hellion  
  181  15:54  Hellion x2  
  181  15:55  Hellion x2  
  194  16:09  Viking  
  196  16:14  Hellion x2, Siege Tank x2  
  196  16:18  Hellion x2  
  197  16:19  Siege Tank  
  197  16:20  Hellion  
  197  16:23  Viking  
  180  16:29  Hellion  
  173  16:35  Siege Tank  
  173  16:36  Siege Tank  
  173  16:37  Hellion x2  
  173  16:39  Viking  
  171  16:45  Hellion  
  171  16:46  Siege Tank x2  
  179  16:51  Thor  
  183  16:54  Hellion  
  183  16:55  Hellion x2  
  183  16:58  Hellion  
  187  17:07  Siege Tank  
  187  17:08  Hellion, Siege Tank  
  191  17:12  Viking  
  193  17:18  Siege Tank x2  
  199  17:28  Hellion x2  
  200  17:31  Starport Reactor  
  200  17:34  Siege Tank  
  165  17:48  Viking  
  165  17:49  Siege Tank x2  
  169  17:52  Hellion  
  169  17:53  Hellion  

Tags
 
Add a new tag
Caveats
  • Supply blocks, unpowered buildings, or Contaminate may cause inaccurate times.
  • Supply counts are checked every 10 seconds.